 Dungeon Crawl Stone Soup version 0.26-a0-612-gd4d190f45e (webtiles) character file.

Game seed: 3563778538830224401

59 DogServant the Ducker (level 3, 0/18 HPs)
             Began as a Spriggan Arcane Marksman on Sept 10, 2020.
             Succumbed to an adder's poison
             ... on level 2 of the Dungeon.
             The game lasted 00:09:28 (1634 turns).

DogServant the Ducker (Spriggan Arcane Marksman)    Turns: 1634, Time: 00:09:29

Health: 0/18       AC:  2    Str:  6    XL:     3   Next: 78%
Magic:  6/6        EV: 19    Int: 16    God:
Gold:   52         SH:  0    Dex: 17    Spells: 3/4 levels left

rFire    + . .     SeeInvis +   a - +0 shortbow
rCold    . . .     Faith    .   (shield currently unavailable)
rNeg     . . .     Spirit   .   e - +0 robe
rPois    .         Reflect  .   (helmet restricted)
rElec    .         Harm     .   (no cloak)
rCorr    .                      (gloves unavailable)
MR       .....                  (boots unavailable)
Stlth    ++........             (no amulet)
HPRegen  0.06/turn              (no ring)
MPRegen  0.10/turn              (no ring)

@: lethally poisoned (0 -> -3), very quick
A: very small, unfitting armour, see invisible, clever 1, fire resistance 1,
speed 3
a: no special abilities


You were on level 2 of the Dungeon.
You visited 1 branch of the dungeon, and saw 2 of its levels.

You collected 52 gold pieces.

Inventory:

Hand Weapons
 a - a +0 shortbow (weapon)
 c - a +0 whip
 g - a +0 dagger
Missiles
 b - 84 stones
 d - 11 arrows (quivered)
 f - 23 bolts
Armour
 e - a +0 robe (worn)
 m - a +0 leather armour
Jewellery
 h - an uncursed ring of protection from fire {unknown}
 k - a +6 ring of intelligence {unknown}


   Skills:
 + Level 1.4 Fighting
 * Level 3.7 Bows
 + Level 3.8 Dodging
 + Level 2.2 Stealth
 - Level 1.3 Spellcasting
 - Level 3.6 Hexes


You had 3 spell levels left.
You knew the following spells:

 Your Spells              Type           Power        Failure   Level
a - Corona                Hex            ##.....      4%          1

Your spell library contained the following spells:

 Spells                   Type           Power        Failure   Level
 Slow                     Hex            ##......     8%          2
 Inner Flame              Hex/Fire       #.......     32%         3
 Portal Projectile        Hex/Tloc       #.....       32%         3
 Cause Fear               Hex            ##........   45%         4
 Leda's Liquefaction      Hex/Erth       #.........   71%         4


Dungeon Overview and Level Annotations

Branches:
Dungeon (2/15)

Altars:


Innate Abilities, Weirdness & Mutations

You are very small and have problems with some larger weapons.
You are too small for most types of armour.
You have supernaturally acute eyesight. (SInv)
You cover ground extremely quickly.
Your mind is acute. (Int +2)
Your flesh is heat resistant. (rF+)


Message History

You feel sick.
You see here a jackal skeleton.
Really quaff the potion of mutation?
You feel extremely strange.
You feel resistant to heat.
You feel clever.
Firing (i - inventory. (/) - cycle)
d - 13 arrows (quivered)
Press: ? - help, Shift-Dir - straight line, f/p - adder
Aim: an adder (severely wounded)
You shoot an arrow. The arrow hits the adder.
You kill the adder!
* * * LOW HITPOINT WARNING * * *
You feel sick.
As you read the scroll labeled MASI FOEFFO, it crumbles to dust.
You feel blessed for a moment.
It was a scroll of remove curse.
Firing (i - inventory. (/) - cycle)
d - 12 arrows (quivered)
Press: ? - help, Shift-Dir - straight line, f - frilled lizard
Aim: a frilled lizard You shoot an arrow.
The arrow hits the frilled lizard.
You kill the frilled lizard!
You die...

.. #. #.## #### ..# ..# #..
#.# #.####### ##.#########
#....รท..#######
+.....#....####.#####.......#
#.##.#.......##(@# #..<....#
.<.((........###.# +.......#
..#.##...l.......# #.......#
#.#.##.......###.# #.......#
..#.###########.............#
#...# #.......####### ..###
#.......# ### #.......#
#########


There were no monsters in sight!

Vanquished Creatures
  A gnoll (D:1)
  An adder (D:2)
  An ooze (D:1)
  2 dart slugs (D:1)
  A leopard gecko (D:1)
  2 goblins (D:1)
  A hobgoblin (D:1)
  4 jackals
  A quokka (D:1)
  6 bats (D:1)
  4 frilled lizards
  6 kobolds (D:1)
  2 rats (D:1)
32 creatures vanquished.

Notes
Turn   | Place    | Note
-------+----------+-------------------------------------------
     0 | D:1      | DogServant the Spriggan Arcane Marksman began the quest for
                  | the Orb.
     0 | D:1      | Reached XP level 1. HP: 9/9 MP: 3/3
    14 | D:1      | You fall into a shaft and drop 1 floor!
   146 | D:1      | Reached skill level 1 in Fighting
   158 | D:1      | Reached skill level 1 in Stealth
   248 | D:1      | Reached XP level 2. HP: 14/14 MP: 3/5
  1007 | D:1      | Reached XP level 3. HP: 18/18 MP: 6/6
  1629 | D:2      | Gained mutation: Your flesh is heat resistant. (rF+)
                  | [potion of mutation]
  1629 | D:2      | Gained mutation: Your mind is acute. (Int +2) [potion of
                  | mutation]
  1634 | D:2      | Succumbed to an adder's poison

Illustrated notes

Levels and vault maps discovered:
D:1:      wander_arrival_abandoned_jail, layout_basic, feat_on_display
D:2:      layout_basic, yredelemnul_altar_generic

Skill      XL: |  1  2  3 |
---------------+----------+-----
Fighting       | 1 |  1.4
Stealth        | 1 2 |  2.2
Bows           | 3 |  3.7
Dodging        | |  3.8
Spellcasting   | |  1.3
Hexes          | |  3.6

Action                   || total
-------------------------++-------
Melee: Whip              ||    54
       Dagger            ||    66
 Fire: Shortbow          ||    47
Throw: Stone             ||    16
 Cast: Corona            ||    13
  Use: Potion            ||     4
       Scroll            ||     2
 Stab: Distracted        ||     1
Armor: Robe              ||    19
Dodge: Dodged            ||   203

Table legend: (Time is in decaauts)
 A = Elapsed time spent in this place.
 B = Non-inter-level travel time spent in this place.
 C = Inter-level travel time spent in this place.
 D = Time resting spent in this place.
 E = Time spent auto-exploring this place.
 F = Levels seen in this place.
 G = Mean time per level.
                   A        B        C        D        E       F      G
               +--------+--------+--------+--------+--------+-----+--------+
         Total |   1357 |   1335 |     22 |    188 |    714 |   2 |  678.5 |
       Dungeon |   1357 |   1335 |     22 |    188 |    714 |   2 |  678.5 |
               +--------+--------+--------+--------+--------+-----+--------+

Top non-repeatable levels by time:
     D:1: 1264 daAuts
     D:2: 92 daAuts
